 Dungeon Crawl Stone Soup version 0.23.2-40-g277498a001 (webtiles) character file.

Game seed: 12190366360642990819

1858 Hylith the Cleaver (level 8, -12/75 HPs)
             Began as a Deep Dwarf Fighter on Sept 10, 2019.
             Was a Priest of Makhleb.
             Blown up by an orc warrior (21 damage)
             ... with a wand of disintegration (13)
             ... on level 6 of the Dungeon.
             The game lasted 00:12:17 (4872 turns).

Hylith the Cleaver (Deep Dwarf Fighter)             Turns: 4872, Time: 00:12:17

Health: -12/75     AC: 13    Str: 25    XL:     8   Next: 89%
Magic:  6/6        EV:  6    Int:  9    God:    Makhleb [***...]
Gold:   322        SH: 11    Dex: 16    Spells: 7/7 levels left

rFire    . . .     SeeInvis .   a - +0 war axe
rCold    + . .     Gourm    .   c - +0 shield
rNeg     . . .     Faith    +   j - +2 chain mail {rC+}
rPois    .         Spirit   .   (no helmet)
rElec    .         Reflect  .   s - +0 cloak
rCorr    .         Harm     .   (no gloves)
MR       +....                  (no boots)
Stlth    ..........             y - amulet of faith
HPRegen  0.00/turn              A - +3 ring of strength
MPRegen  0.10/turn              C - +4 ring of dexterity

@: non-regenerating
A: damage resistance, heal wounds, sense surroundings 1, no regeneration
a: Heal Wounds, Minor Destruction, Lesser Servant of Makhleb, Renounce Religion


You were on level 6 of the Dungeon.
You worshipped Makhleb.
Makhleb was most pleased with you.
You were not hungry.

You visited 1 branch of the dungeon, and saw 6 of its levels.

You collected 322 gold pieces.

Inventory:

Hand Weapons
 a - a +0 war axe (weapon)
 D - the +1 mace of Xidd {crush, rF+ Str+3 Dex+7}
   (You found it on level 5 of the Dungeon)

   It inflicts extra damage upon your enemies.
   It affects your strength (+3).
   It affects your dexterity (+7).
   It protects you from fire.
Missiles
 u - 4 poisoned tomahawks (quivered)
Armour
 c - a +0 shield (worn)
 j - a +2 chain mail of cold resistance (worn)
 s - a +0 cloak (worn)
 z - a +0 buckler
Jewellery
 y - an amulet of faith (around neck)
 A - a +3 ring of strength (left hand)
 C - a +4 ring of dexterity (right hand)
Wands
 i - a wand of flame (21)
 q - a wand of digging (4)
Scrolls
 e - 2 scrolls of amnesia {unknown}
 g - a scroll of magic mapping {unknown}
 h - 2 scrolls of teleportation {unknown}
 k - a scroll of enchant armour {unknown}
 m - 3 scrolls of remove curse
 n - 2 scrolls of immolation {unknown}
 p - a scroll of fear {unknown}
 B - a scroll of blinking {unknown}
 E - a scroll of identify
Potions
 b - a potion of haste
 d - a potion of might
 o - 2 potions of mutation
 r - a potion of magic
 t - a potion of heal wounds
 v - 3 potions of brilliance
 w - a potion of resistance
 x - a potion of curing
Comestibles
 f - 8 rations
 l - 3 chunks of flesh


   Skills:
 + Level 5.4 Fighting
 * Level 8.2 Axes
 + Level 6.5 Armour
 + Level 6.6 Shields


You had 7 spell levels left.
You didn't know any spells.
Your spell library was empty.

Dungeon Overview and Level Annotations

Branches:
Dungeon (6/15)             Temple (0/1) D:4

Altars:
Ashenzari
Cheibriados
Gozag
Kikubaaqudgha
Makhleb
Nemelex Xobeh
Ru
Sif Muna
Yredelemnul
Zin
The Shining One


Innate Abilities, Weirdness & Mutations

You are resistant to damage.
You can heal yourself by infusing magical energy.
You passively map a small area around you.
You do not regenerate.


Message History

Anything else - Cancel.
You shout for attention!
What are your orders? t - Shout!
Orders for allies: a - Attack new target. r - Retreat! s - Stop attacking. g - Guard the area. f - Follow me.
Anything else - Cancel.
You shout for attention!
What are your orders? t - Shout!
Orders for allies: a - Attack new target. r - Retreat! s - Stop attacking. g - Guard the area. f - Follow me.
Anything else - Cancel.
You shout for attention!
You hear a shout!
The orc warrior zaps a wand.
You are blasted!
* * * LOW HITPOINT WARNING * * *
The orc warrior zaps a wand.
You are blasted!
You die...

.............# ##..(...........
##...........# ##...............
#.......o...###...........)....
#..........##...#..............
##............>###..............
................................
##............####..............
...............###<#.....#.....#
#....)........@...#############
#................##
#.<..............#
#................#
#................#
#.............[..#
##............####
##..........## ############


You could see an orc warrior.

Vanquished Creatures
  An orc warrior (D:6)
  A water moccasin (D:6)
  2 sky beasts
  An ogre (D:5)
  A centaur (D:4)
  The ghost of weresquid the Caller, an amateur DsSu of Ashenzari (D:3)
  2 bullfrogs (D:6)
  A scorpion (D:6)
  6 killer bees (D:6)
  2 crimson imps
  A bullfrog zombie (D:5)
  3 orc priests
  3 hounds
  Crazy Yiuf (D:5)
  2 orc wizards
  Jessica (D:2)
  Natasha (thrice) (D:2)
  5 worker ants
  A hound zombie (D:6)
  A hound skeleton (D:6)
  6 adders
  5 worms
  6 dart slugs
  2 leopard geckos (D:4)
  21 orcs
  A ball python (D:3)
  2 bats
  4 giant cockroaches
  8 goblins
  6 hobgoblins
  13 jackals
  5 kobolds
  2 quokkas
  3 frilled lizards
  A quokka skeleton (D:4)
  3 rats (D:1)
127 creatures vanquished.

Notes
Turn   | Place    | Note
-------+----------+-------------------------------------------
     0 | D:1      | Hylith the Deep Dwarf Fighter began the quest for the Orb.
     0 | D:1      | Reached XP level 1. HP: 20/20 MP: 1/1
   405 | D:1      | Reached XP level 2. HP: 20/27 MP: 2/2
   841 | D:1      | Reached XP level 3. HP: 22/34 MP: 3/3
  1258 | D:2      | Noticed Natasha
  1280 | D:2      | Killed Natasha
  1280 | D:2      | Reached skill level 3 in Axes
  1345 | D:2      | Reached XP level 4. HP: 40/42 MP: 4/4
  1354 | D:2      | Noticed Natasha
  1364 | D:2      | Killed Natasha
  1402 | D:2      | Noticed Natasha
  1410 | D:2      | Killed Natasha
  1572 | D:2      | Noticed Jessica
  1580 | D:2      | Found an ancient bone altar of Kikubaaqudgha.
  1584 | D:2      | Killed Jessica
  1584 | D:2      | Reached XP level 5. HP: 23/49 MP: 5/5
  1588 | D:2      | Found a deep blue altar of Sif Muna.
  1591 | D:2      | Found a burning altar of Makhleb.
  1600 | D:2      | Became a worshipper of Makhleb the Destroyer
  1613 | D:2      | Found a basalt altar of Yredelemnul.
  1852 | D:3      | Found a transporter.
  1854 | D:3      | Noticed weresquid's ghost (amateur DsSu)
  1863 | D:3      | Reached skill level 4 in Axes
  1901 | D:3      | Found a transporter.
  1911 | D:3      | Killed weresquid's ghost
  1973 | D:3      | Found a sparkling altar of Nemelex Xobeh.
  2065 | D:3      | Reached XP level 6. HP: 51/56 MP: 5/5
  2091 | D:3      | Reached * piety under Makhleb
  2297 | D:3      | Found a glowing golden altar of the Shining One.
  2612 | D:4      | Reached skill level 5 in Axes
  2659 | D:4      | Found a staircase to the Ecumenical Temple.
  2983 | D:4      | Reached XP level 7. HP: 23/64 MP: 6/6
  3071 | D:4      | Reached ** piety under Makhleb
  3071 | D:4      | Reached skill level 5 in Armour
  3071 | D:4      | Reached skill level 5 in Shields
  3084 | D:4      | Found an opulent altar of Gozag.
  3086 | D:4      | Found a glowing silver altar of Zin.
  3246 | D:5      | Entered Level 5 of the Dungeon
  3273 | D:5      | Found a snail-covered altar of Cheibriados.
  3523 | D:5      | Reached skill level 6 in Axes
  3782 | D:5      | Found a runed translucent door.
  3783 | D:5      | Noticed Crazy Yiuf
  4091 | D:5      | Killed Crazy Yiuf
  4098 | D:5      | Got a dazzling mace
  4099 | D:5      | Identified the cursed +1 mace of Xidd {crush, rF+ Str+3
                  | Dex+7} (You found it on level 5 of the Dungeon)
  4259 | D:5      | Reached XP level 8. HP: 39/73 MP: 6/6
  4282 | D:5      | Found a shattered altar of Ashenzari.
  4427 | D:6      | Reached skill level 7 in Axes
  4566 | D:6      | Found a sacrificial altar of Ru.
  4598 | D:6      | Reached skill level 5 in Fighting
  4742 | D:6      | Reached *** piety under Makhleb
  4742 | D:6      | Reached skill level 8 in Axes
  4872 | D:6      | Blown up by an orc warrior

Skill      XL: |  1  2  3  4  5  6  7  8 |
---------------+-------------------------+-----
Fighting       | 3 4 5 |  5.4
Axes           | 3 4 5 6 8 |  8.2
Armour         | 4 5 6 |  6.5
Shields        | 4 5 6 |  6.6

Action                   |  1- 3 |  4- 6 |  7- 9 || total
-------------------------+-------+-------+-------++-------
Melee: War axe           |   108 |   163 |   204 ||   475
       Mace              |       |       |    22 ||    22
Throw: Tomahawk          |       |       |     3 ||     3
 Abil: Heal Wounds       |     2 |     1 |     2 ||     5
  Use: Scroll            |       |       |     7 ||     7
       Potion            |       |       |     1 ||     1
  Eat: Chunk             |     2 |     5 |     7 ||    14
Armor: Scale mail        |    22 |       |       ||    22
       Chain mail        |    28 |    82 |   131 ||   241
Dodge: Dodged            |    35 |    52 |    41 ||   128
Block: Shield            |    61 |   104 |   115 ||   280
